 Dungeon Crawl Stone Soup version 0.19.1 (webtiles) character file.

3215 Nakatomy the Grappler (level 9, -5/92 HPs)
             Began as a Troll Monk on Dec 23, 2016.
             Was a Priest of Makhleb.
             Slain by a two-headed ogre
             ... wielding a +0 giant spiked club
              (11 damage)
             ... on level 8 of the Dungeon.
             The game lasted 00:19:02 (6197 turns).

Nakatomy the Grappler (Troll Monk)                  Turns: 6197, Time: 00:19:03

Health: -5/92      AC:  5    Str: 22    XL:     9   Next: 65%
Magic:  10/10      EV: 14    Int:  6    God:    Makhleb [***...]
Gold:   546        SH:  0    Dex: 14    Spells: 0 memorised, 8 levels left

rFire  . . .     SeeInvis .       - Unarmed
rCold  . . .     Gourm    +     a - +0 robe
rNeg   . . .     Faith    .     (no shield)
rPois  .         Spirit   .     (helmet restricted)
rElec  .         Reflect  .     (no cloak)
rCorr  .         Harm     .     (gloves unavailable)
MR     .....                    (boots unavailable)
Stlth  ++........               (no amulet)
                                (no ring)
                                (no ring)

@: no status effects
A: unfitting armour, claws 3, fast metabolism 3, gourmand, regeneration 1,
shaggy fur 1, tough skin 2
a: Minor Destruction, Lesser Servant of Makhleb, Renounce Religion


You were on level 8 of the Dungeon.
You worshipped Makhleb.
Makhleb was most pleased with you.
You were very full.

You visited 1 branch of the dungeon, and saw 8 of its levels.
You also visited: Ossuary.

You collected 546 gold pieces.

Inventory:

Hand Weapons
 x - the +9 mace "Gufabog" {crush, rPois rC- MP+9 Stlth+}
   (You found it on level 4 of the Dungeon)

   It inflicts extra damage upon your enemies.
   It makes you vulnerable to cold.
   It protects you from poison.
   It affects your magic capacity (+9).
   It makes you more stealthy.
Armour
 a - a +0 robe (worn)
Jewellery
 F - a +3 ring of protection {unknown}
Wands
 c - a wand of random effects (18/48)
 q - a wand of iceblast (7/15)
 w - a wand of confusion (31/48)
 G - a wand of paralysis (14/24)
Scrolls
 e - a scroll of immolation {unknown}
 g - 3 scrolls of enchant weapon
 i - 4 scrolls of teleportation {unknown}
 j - a scroll of magic mapping
 l - 2 scrolls of recharging {unknown}
 s - 2 scrolls of fear {unknown}
 u - a scroll of enchant armour {unknown}
 v - 5 scrolls of remove curse {unknown}
 y - 5 scrolls of identify
 C - a scroll of amnesia {unknown}
 D - a scroll of noise {unknown}
Potions
 d - 2 potions of might
 f - 3 potions of mutation
 h - a potion of haste
 m - a potion of heal wounds
 o - 2 potions of agility
 p - 2 potions of brilliance
 r - a potion of invisibility
 t - 9 potions of curing
 z - a potion of resistance {unknown}
Comestibles
 b - 4 bread rations
 k - 6 meat rations
 n - 2 slices of pizza
 A - 2 royal jellies
 B - a beef jerky
 E - 2 chunks of flesh


   Skills:
 + Level 6.9 Fighting
 + Level 6.9 Dodging
 - Level 1.0 Stealth
 + Level 8.1 Unarmed Combat
 + Level 3.0 Invocations


You had 8 spell levels left.
You didn't know any spells.

Dungeon Overview and Level Annotations

Branches:
Dungeon (8/15)             Temple (0/1) D:5
   Lair: D:8-11

Altars:
Fedhas
Gozag
Hepliaklqana
Makhleb
Uskayaw
Yredelemnul

Shops:
D:4 *   D:5 %   D:6 }(

Annotations:
D:7 exclusion: downstairs
D:8 Erica; landeron's ghost, novice HOFi


Innate Abilities, Weirdness & Mutations

You are too large for most types of armour.
You have claws for hands.
Your metabolism is lightning-fast.
You like to eat raw meat.
Your natural rate of healing is unusually fast.
You are covered in fur. (AC +1)
You have very tough skin. (AC +2)


Message History

Erica gestures wildly while chanting.
Erica flickers and vanishes!
Deactivating autopickup; reactivate with Ctrl-A.
The bullfrog completely misses you.
An orc comes into view. It is wielding a club.
You claw the bullfrog!
You kill the bullfrog!
Makhleb accepts your kill.
You feel better.
Your Invocations skill increases to level 3!
The orc throws a tomahawk.
The tomahawk hits you.
* * * LOW HITPOINT WARNING * * *
The orc throws a tomahawk.
The tomahawk closely misses you.
A demon appears!
You can no longer hurl Makhleb's greater destruction.
The orc throws a tomahawk.
The tomahawk barely misses your orange demon.
The tomahawk misses you.
The two-headed ogre hits you with a giant spiked club!
You die...

#...# #...# .5.#
... #.#### ####
#.... o...
#.5###..####
#.{O@$......
.#.####(c###4.####
..c......# ....
.#/####$.# .##o
#.####..####...o
#...<........$.#o
######...###....
#...# . #####


You could see a two-headed ogre, a centaur, an orc wizard, a shadow imp, 3 orcs
and a friendly orange demon.

Vanquished Creatures
  A hungry ghost (D:7)
  Eustachio (D:5)
  A water moccasin (D:5)
  A black bear (D:5)
  A sky beast (D:8)
  4 orc warriors
  An ice beast (D:4)
  2 phantoms (D:6)
  An ogre (D:4)
  4 centaurs
  4 bullfrogs
  2 big kobolds (D:6)
  A scorpion (D:8)
  3 wights (D:6)
  2 howler monkeys
  A crimson imp (D:7)
  5 hounds
  2 quasits (D:6)
  A human zombie (Ossuary)
  A jelly (D:6)
  6 orc priests
  4 orc wizards (D:6)
  2 iguanas
  5 worker ants
  A killer bee zombie (D:7)
  4 mummies (Ossuary)
  A howler monkey zombie (D:5)
  4 adders
  A shadow imp (D:6)
  2 oozes (D:4)
  An adder zombie (Ossuary)
  5 worms
  4 dart slugs
  5 leopard geckos
  10 orcs
  9 bats
  6 giant cockroaches
  5 goblins
  5 hobgoblins
  6 jackals (D:5)
  12 kobolds
  3 quokkas
  3 goblin zombies (Ossuary)
  A hobgoblin zombie (Ossuary)
  3 kobold zombies (Ossuary)
  A leopard gecko skeleton (D:4)
  3 orc zombies (Ossuary)
  4 rats
155 creatures vanquished.

Notes
Turn   | Place    | Note
-------+----------+-------------------------------------------
     0 | D:1      | Nakatomy the Troll Monk began the quest for the Orb.
     0 | D:1      | Reached XP level 1. HP: 22/22 MP: 0/0
   158 | D:1      | Reached XP level 2. HP: 29/29 MP: 1/1
   630 | D:2      | Reached XP level 3. HP: 31/36 MP: 2/2
   660 | D:2      | Found a faded altar of an unknown god.
   925 | D:2      | Found an opulent altar of Gozag.
  1442 | D:3      | Reached XP level 4. HP: 45/45 MP: 3/3
  1651 | D:3      | Found a hazy altar of Hepliaklqana.
  1996 | D:4      | Noticed an ogre
  2080 | D:4      | Killed an ogre
  2080 | D:4      | Reached skill level 4 in Unarmed Combat
  2080 | D:4      | Reached XP level 5. HP: 53/53 MP: 4/4
  2112 | D:4      | Noticed an ice beast
  2123 | D:4      | Killed an ice beast
  2123 | D:4      | Reached XP level 6. HP: 62/62 MP: 5/5
  2392 | D:4      | Found a basalt altar of Yredelemnul.
  2431 | D:4      | Found Worusadi's Assorted Antiques.
  2488 | D:4      | Got a scorched mace
  2687 | D:4      | Found a burning altar of Makhleb.
  2692 | D:4      | Became a worshipper of Makhleb the Destroyer
  2692 | D:4      | Reached * piety under Makhleb
  2692 | D:4      | Reached ** piety under Makhleb
  2724 | D:5      | Entered Level 5 of the Dungeon
  2727 | D:5      | Identified the +9 mace "Gufabog" {crush, rPois rC- MP+9 Stlth+} (You found it on level 4 of the Dungeon)
  2763 | D:5      | Found Caxum's Food Boutique.
  2775 | D:5      | Found a sand-covered staircase.
  2784 | Ossuary  | Entered an ossuary
  2906 | Ossuary  | Reached skill level 5 in Unarmed Combat
  3054 | D:5      | Noticed Eustachio
  3082 | D:5      | Reached XP level 7. HP: 67/70 MP: 6/6
  3113 | D:5      | Killed Eustachio
  3154 | D:5      | Found a staircase to the Ecumenical Temple.
  3461 | D:5      | Reached skill level 5 in Dodging
  3575 | D:6      | Reached skill level 5 in Fighting
  3575 | D:6      | Reached skill level 6 in Unarmed Combat
  3575 | D:6      | Reached XP level 8. HP: 62/80 MP: 7/7
  3677 | D:6      | Reached *** piety under Makhleb
  3695 | D:5      | HP: 4/81 [poisoned by a water moccasin]
  3945 | D:6      | Reached skill level 7 in Unarmed Combat
  4387 | D:6      | Found a blossoming altar of Fedhas.
  4401 | D:6      | Found Jemiwuuh's Antique Weapon Shoppe.
  4539 | D:6      | Reached XP level 9. HP: 70/89 MP: 8/8
  4738 | D:6      | Found Kusying's Gadget Boutique.
  5101 | D:7      | Reached skill level 1 in Invocations
  5424 | D:7      | Noticed a dagger
  5425 | D:7      | Found a hide-covered altar of Uskayaw.
  5426 | D:7      | Noticed a dagger
  6005 | D:8      | Reached **** piety under Makhleb
  6006 | D:8      | Reached skill level 8 in Unarmed Combat
  6031 | D:8      | Noticed landeron's ghost (novice HOFi)
  6183 | D:8      | Noticed Erica
  6194 | D:8      | HP: 4/92 [orc/tomahawk (1)]
  6197 | D:8      | Slain by a two-headed ogre

Skill      XL: |  1  2  3  4  5  6  7  8  9 |
---------------+----------------------------+-----
Dodging        | 3 4 5 6 |  6.9
Fighting       | 3 4 5 6 |  6.9
Unarmed Combat | 4 5 6 7 8 |  8.1
Invocations    | 3 |  3.0
Stealth        | |  1.0

Action                   |  1- 3 |  4- 6 |  7- 9 || total
-------------------------+-------+-------+-------++-------
Melee: Unarmed           |    89 |   138 |   332 ||   559
       Punch             |       |     6 |     6 ||    12
Invok: Lesser Servant of |       |       |     1 ||     1
  Use: Scroll            |       |    11 |       ||    11
 Stab: Sleeping          |     7 |     1 |     1 ||     9
  Eat: Chunk             |    18 |    12 |    37 ||    67
Armor: Robe              |    29 |    45 |   102 ||   176
Dodge: Dodged            |    48 |   101 |   251 ||   400
